 Dungeon Crawl Stone Soup version 0.29.1-13-g9f3cf754e1 (webtiles) character file.

Game seed: 4690161375792743954

10369 styxcanada the Protected (level 11, 0/97 HPs)
             Began as a Minotaur Fighter on Feb 8, 2023.
             Was an Initiate of Gozag.
             Slain by an iron imp (8 damage)
             ... in a Gauntlet.
             The game lasted 00:45:10 (14763 turns).

styxcanada the Protected (Minotaur Fighter)        Turns: 14763, Time: 00:45:10

Health: 0/97       AC: -7    Str: 24    XL:     11   Next: 35%
Magic:  10/10      EV: 12    Int:  5    God:    Gozag
Gold:   974        SH:  0    Dex: 14    Spells: 10/10 levels left

rFire   . . .      SeeInvis +   P - +8 falchion "Xuqaxt" {vorpal, rElec}
rCold   . . .      Faith    .   c - +0 buckler
rNeg    + . .      Spirit   .   R - +0 plate armour
rPois   +          Reflect  .   G - +0 mask of the Dragon {Will+ Slay+3 SInv}
rElec   +          Harm     .   (no cloak)
rCorr   .          Rampage  .   t - +2 pair of gloves
Will    +....      NoTele   +   v - +0 pair of boots of Action {Contam rN+ Regen+ Dex+3}
Stlth   ..........              (no amulet)
HPRegen 1.06/turn               I - ring of poison resistance
MPRegen 0.12/turn               s - ring of Cicw {rElec EV+4}

@: confused, ambrosia-drunk, corroded
A: horns 2, retaliatory headbutt
a: Renounce Religion, Potion Petition, Call Merchant, Bribe Branch


You were in a Gauntlet.
You worshipped Gozag.
Gozag was pleased with you.
You visited 3 branches of the dungeon, and saw 12 of its levels.
You also visited: Ossuary and Gauntlet.

You collected 1886 gold pieces.
You spent 289 gold pieces at shops.
You paid 623 gold pieces to Gozag.

Inventory:

Hand Weapons
 a - a +1 war axe of flaming
 p - a +1 sling of freezing
 P - the +8 falchion "Xuqaxt" (weapon) {vorpal, rElec}
   (You found it on level 8 of the Dungeon)

   It inflicts extra damage upon your enemies.
   rElec:     It insulates you from electricity.
Missiles
 i - 21 boomerangs
 n - 4 atropa-tipped darts
 w - 24 poisoned darts (quivered)
Armour
 c - a +0 buckler (worn)
 t - a +2 pair of gloves (worn)
 v - the +0 pair of boots of Action (worn) {Contam rN+ Regen+ Dex+3}
   (You found it in a Gauntlet)

   Dex:       It affects your dexterity (+3).
   rN:        It protects you from negative energy.
   Contam:    It causes magical contamination when unequipped.
   Regen:     It increases your rate of health regeneration.
 G - the +0 mask of the Dragon (worn) {Will+ Slay+3 SInv}
   (You acquired it on level 7 of the Dungeon)

   Slay:      It affects your accuracy & damage with ranged weapons and melee
   (+3).
   SInv:      It lets you see invisible.
   Will:      It increases your willpower.
 R - a +0 plate armour (worn)
Jewellery
 s - the ring of Cicw (right hand) {rElec EV+4}
   (You bought it in a shop on level 1 of the Lair of Beasts)

   [ring of evasion]

   EV:        It affects your evasion (+4).
   rElec:     It insulates you from electricity.
 I - a ring of poison resistance (left hand)
Wands
 b - a wand of charming (28)
 e - a wand of flame (12)
 r - a wand of roots (4)
 B - a wand of digging (2)
 H - a wand of mindburst (11)
Scrolls
 f - 4 scrolls of blinking
 k - 3 scrolls of teleportation
 m - a scroll of summoning
 q - a scroll of identify
 u - 3 scrolls of enchant armour
 D - a scroll of immolation
 F - 3 scrolls of magic mapping
 M - a scroll of fear
 O - a scroll of poison
Potions
 d - a potion of might
 g - 2 potions of mutation
 h - 2 potions of ambrosia
 j - 3 potions of brilliance
 l - 3 potions of resistance
 o - 3 potions of haste
 x - 2 potions of magic
 J - 3 potions of flight {unknown}
 K - 5 potions of curing {unknown}


   Skills:
 * Level 9.4 Fighting
 + Level 7.0 Long Blades
 + Level 8.7 Axes
 + Level 1.5 Throwing
 * Level 12.5 Armour
 + Level 3.3 Dodging
 + Level 6.6 Shields
 * Level 6.3 Evocations


You had 10 spell levels left.
You didn't know any spells.
Your spell library contained the following spells:

 Spells                   Type           Power      Damage    Failure   Level
 Beastly Appendage        Tmut           0%         N/A       99%         1
 Sandblast                Erth           0%         2d4       99%         1
 Passwall                 Tmut/Erth      0%         N/A       100%        2
 Sublimation of Blood     Necr           0%         N/A       100%        2
 Wereblood                Tmut           0%         N/A       100%        2
 Frozen Ramparts          Ice            0%         1d1       100%        3
 Spider Form              Tmut/Pois      0%         N/A       100%        3
 Stone Arrow              Conj/Erth      0%         3d7       100%        3
 Ice Form                 Ice/Tmut       0%         N/A       100%        4
 Petrify                  Tmut/Erth      0%         N/A       100%        4
 Summon Ice Beast         Ice/Summ       0%         N/A       100%        4
 Irradiate                Conj/Tmut      0%         3d11      100%        5


Dungeon Overview and Level Annotations

Branches:
Dungeon (9/15)             Temple (1/1) D:5            Lair (2/5) D:9
 Spider (0/4) Lair:2      Ossuary (visited)         Gauntlet (1/1)
  Swamp: Lair:2-3    Shoals: Lair:2-3       Orc: D:9-12

Altars:
Ashenzari
Cheibriados
Elyvilon
Fedhas
Gozag
Hepliaklqana
Kikubaaqudgha
Makhleb
Nemelex Xobeh
Okawaru
Qazlal
Ru
Sif Muna
Uskayaw
Vehumet
Wu Jian
Xom
Zin
The Shining One

Shops:
D:5 *   Lair:1 *

Annotations:
Gauntlet 3 transporters


Innate Abilities, Weirdness & Mutations

You have a pair of horns on your head.
You reflexively headbutt those who attack you in melee.


Message History

You closely miss the rust devil.
You headbutt the rust devil, but do no damage.
The rust devil is severely wounded.
The rust devil hits you. The rust devil corrodes you!
You block the iron imp's attack.
You barely miss the rust devil.
The rust devil is severely wounded.
The rust devil barely misses you. You furiously retaliate!
You headbutt the rust devil, but do no damage.
The iron imp closely misses you.
You hit the rust devil but do no damage.
You headbutt the rust devil, but do no damage.
The rust devil is severely wounded.
The rust devil hits you! The rust devil corrodes you! The iron imp hits you.
You block the iron imp's attack.
You hit the rust devil but do no damage.
The rust devil is severely wounded.
You block the rust devil's attack. The iron imp hits you!
The iron imp puffs mist at you. The iron imp barely misses you.
You hit the rust devil but do no damage.
The rust devil is severely wounded.
The rust devil completely misses you.
The iron imp picks up a beetle and eats it.
The iron imp hits you! The iron imp hits you.
* * * LOW HITPOINT WARNING * * *
You hit the rust devil but do no damage.
The rust devil is severely wounded.
You block the rust devil's attack. The iron imp hits you!
* * * LOW HITPOINT WARNING * * *
You are confused.
You feel invigorated. The rust devil hits you.
* * * LOW HITPOINT WARNING * * *
The rust devil corrodes you! The iron imp hits you!
* * * LOW HITPOINT WARNING * * *
You bump into the stone wall.
The rust devil hits you.
* * * LOW HITPOINT WARNING * * *
The rust devil corrodes you! The iron imp hits you!
You die...
Your body crumbles into a pile of gold.

......#..#4355...#.
......#..#########.
#######..#.........
......#..#########.
###...#..#.......#.
.#....#..#..####.#.
#..#.#..#.#...#.#.
####.#©©#©#.©.#.#©
#@4#.#..#[#...#.#.
.#55..#..#.####..#.
###5..#..#.......#.
......#..#########.
########..#.........
........#..#########.
.........#..#535....#.
#..##≈##..#..#55..#..#
###≈..#..#...##


You could see a rust devil and 3 iron imps.

Vanquished Creatures
  A boulder beetle (Lair:1)
  A catoblepas (Lair:1)
  A black mamba (Lair:1)
  4 cane toads (Lair:1)
  Psyche (D:9)
  A rime drake (Lair:1)
  3 komodo dragons
  A hornet (D:8)
  A queen bee (Gauntlet)
  2 wyverns
  3 yaks (Lair:1)
  A ynoxinul (Gauntlet)
  A basilisk (Lair:1)
  A steam dragon (D:9)
  Menkaure (Ossuary)
  3 swamp worms (D:9)
  2 acid dragons (D:9)
  Duvessa (D:7)
  8 water moccasins
  2 orc warriors
  2 ogres
  3 centaurs
  2 kobold brigands
  6 bullfrogs
  3 necrophages (D:6)
  2 scorpions
  4 wights (D:8)
  Dowan (D:7)
  9 killer bees
  A howler monkey (D:6)
  2 hounds
  A jelly (D:5)
  2 orc priests
  2 gnoll boudas
  7 iguanas
  Jessica (D:3)
  Ijyb (D:3)
  6 orc wizards
  3 mummies (Ossuary)
  Robin (D:3)
  11 gnolls
  14 adders
  A shadow imp (D:8)
  2 white imps (D:6)
  An ufetubus (D:5)
  An adder zombie (D:2)
  2 worms
  6 dart slugs
  32 orcs
  5 bats
  A bat zombie (D:2)
  7 endoplasms
  3 giant cockroaches (D:1)
  5 gnoll zombies (Ossuary)
  11 goblins
  12 hobgoblins
  7 jackals
  21 kobolds
  4 quokkas
  5 ball pythons
  A ball python skeleton (D:2)
  3 frilled lizards
  4 gnoll skeletons (Ossuary)
  6 goblin skeletons (Ossuary)
  3 goblin zombies (Ossuary)
  3 hobgoblin skeletons (Ossuary)
  3 hobgoblin zombies (Ossuary)
  A jackal zombie (D:2)
  5 kobold skeletons (Ossuary)
  5 kobold zombies (Ossuary)
  6 orc skeletons (Ossuary)
  5 orc zombies (Ossuary)
  4 rats
  A rat skeleton (Ossuary)
  4 rat zombies (Ossuary)
303 creatures vanquished.

Vanquished Creatures (others)
  4 fungi
  14 plants
  A withered plant (D:2)
19 creatures vanquished.

Grand Total: 322 creatures vanquished

Notes
Turn   | Place    | Note
-------+----------+-------------------------------------------
     0 | D:1      | styxcanada the Minotaur Fighter began the quest for the
                  | Orb.
     0 | D:1      | Reached XP level 1. HP: 19/19 MP: 0/0
    79 | D:1      | Found a faded altar of an unknown god.
   187 | D:1      | Reached XP level 2. HP: 23/27 MP: 1/1
   233 | D:1      | Reached skill level 4 in Armour
   412 | D:1      | Reached XP level 3. HP: 31/33 MP: 2/2
  1030 | D:2      | Reached skill level 1 in Dodging
  1050 | D:2      | Identified the +2 ring mail of Zin's Supremacy {rF+ Dex+4
                  | SInv}
  1536 | D:3      | Noticed Robin
  1542 | D:3      | Reached XP level 4. HP: 33/40 MP: 3/3
  1546 | D:3      | Killed Robin
  1642 | D:3      | Noticed Ijyb
  1656 | D:3      | Killed Ijyb
  1905 | D:3      | Reached XP level 5. HP: 46/46 MP: 4/4
  2024 | D:3      | Found an iron altar of Okawaru.
  2099 | D:3      | Found a stormy altar of Qazlal.
  2118 | D:3      | Reached skill level 5 in Armour
  2393 | D:3      | Noticed Jessica
  2406 | D:3      | Killed Jessica
  2879 | D:4      | Found a snail-covered altar of Cheibriados.
  2894 | D:4      | Reached skill level 1 in Evocations
  2912 | D:4      | Reached XP level 6. HP: 6/53 MP: 5/5
  3998 | D:4      | You fall into a shaft and drop 2 floors!
  4028 | D:6      | Reached skill level 5 in Fighting
  4060 | D:5      | Entered Level 5 of the Dungeon
  4485 | D:4      | Reached skill level 6 in Armour
  4485 | D:4      | Reached XP level 7. HP: 60/61 MP: 6/6
  4918 | D:5      | Found Launk's Assorted Antiques.
  4927 | D:5      | Bought a scroll labelled TASUTAIHINA for 26 gold pieces
  4927 | D:5      | Bought a sedimented dark potion for 23 gold pieces
  5271 | D:5      | Reached skill level 5 in Axes
  5594 | D:5      | Found a staircase to the Ecumenical Temple.
  5604 | Temple   | Entered the Ecumenical Temple
  5628 | Temple   | Became a worshipper of Gozag Ym Sagoz the Greedy
  6995 | D:6      | Reached skill level 7 in Armour
  6995 | D:6      | Reached skill level 5 in Shields
  6995 | D:6      | Reached XP level 8. HP: 65/70 MP: 7/7
  7801 | D:6      | Found an ornate altar of the Wu Jian Council.
  7990 | D:7      | Found a shimmering altar of Xom.
  8005 | D:7      | Noticed Duvessa
  8005 | D:7      | Noticed Dowan
  8018 | D:7      | Killed Duvessa
  8026 | D:7      | Killed Dowan
  8035 | D:7      | Reached skill level 1 in Throwing
  8268 | D:7      | Reached skill level 8 in Armour
  8276 | D:7      | Identified a scroll of acquirement
  8276 | D:7      | Acquired the +0 mask of the Dragon {Will+ Slay+3 SInv}
  8276 | D:7      | Found the +0 mask of the Dragon {Will+ Slay+3 SInv}
  9237 | D:8      | Noticed a hornet
  9244 | D:8      | Killed a hornet
  9245 | D:8      | Reached XP level 9. HP: 47/78 MP: 8/8
  9662 | D:8      | Found a sand-covered staircase.
  9670 | Ossuary  | Entered an ossuary
  9912 | Ossuary  | Reached skill level 9 in Armour
 10007 | Ossuary  | Noticed Menkaure
 10011 | Ossuary  | Killed Menkaure
 10611 | D:8      | Identified the +8 falchion "Xuqaxt" {vorpal, rElec}
 11275 | D:8      | Found a hide-covered altar of Uskayaw.
 11476 | D:9      | Reached skill level 1 in Long Blades
 11520 | D:9      | Reached skill level 10 in Armour
 11609 | D:9      | Found a radiant altar of Vehumet.
 11690 | D:9      | HP: 1/81 [swamp worm (10)]
 11693 | D:9      | Reached XP level 10. HP: 2/88 MP: 9/9
 12068 | D:9      | Noticed Psyche
 12073 | D:9      | Killed Psyche
 12121 | D:9      | Found a blossoming altar of Fedhas.
 12285 | D:9      | Found a broken altar of Ashenzari.
 12369 | D:9      | Found a staircase to the Lair.
 12492 | D:9      | Identified the +3 leather armour of Poujy {Int+2}
 12525 | Lair:1   | Entered Level 1 of the Lair of Beasts
 12546 | Lair:1   | Bought a bronze ring for 120 gold pieces
 12546 | Lair:1   | Bought a crude steel ring for 120 gold pieces
 12546 | Lair:1   | Identified the ring of Cicw {rElec EV+4} (You bought it in
                  | a shop on level 1 of the Lair of Beasts)
 12846 | Lair:1   | Noticed a cane toad
 12856 | Lair:1   | Killed a cane toad
 12857 | Lair:1   | Reached skill level 11 in Armour
 12969 | Lair:1   | Noticed a boulder beetle
 13016 | Lair:1   | Killed a boulder beetle
 13017 | Lair:1   | Reached skill level 5 in Evocations
 13128 | Lair:1   | Noticed a catoblepas
 13144 | Lair:1   | Killed a catoblepas
 13145 | Lair:1   | Reached skill level 5 in Long Blades
 13552 | Lair:1   | Noticed a black mamba
 13558 | Lair:1   | Killed a black mamba
 13594 | Lair:1   | Reached skill level 12 in Armour
 13669 | Lair:1   | Noticed a cane toad
 13675 | Lair:1   | Killed a cane toad
 13791 | Lair:1   | Reached XP level 11. HP: 97/97 MP: 10/10
 14626 | Lair:2   | Found a gate leading to a gauntlet.
 14631 | Gauntlet | Entered a Gauntlet
 14631 | Gauntlet | Found a transporter.
 14631 | Gauntlet | Found a transporter.
 14633 | Gauntlet | Found a transporter.
 14636 | Gauntlet | Found a transporter.
 14636 | Gauntlet | Found a transporter.
 14680 | Gauntlet | Identified the +0 pair of boots of Action {Contam rN+
                  | Regen+ Dex+3}
 14717 | Gauntlet | Found a transporter.
 14763 | Gauntlet | Slain by an iron imp

Illustrated notes

Levels and vault maps discovered:
D:1:      amcnicky_arrival_blooded_trapdoor, layout_loops_cross,
          shapermc_ecumenical_altar_starsandcircs, minmay_misc_feat_alley,
          st_stairs_11
D:2:      layout_basic, serial_undead, serial_undead_b, serial_undead_f,
          serial_undead_f, serial_undead_e, minmay_strange_pillars
D:3:      layout_basic, mainiacjoe_overflow_alcove_1,
          mainiacjoe_overflow_small_starburst, hangedman_feature_mirror,
          saegor_snake_ambush, uniq_jessica, uniq_ijyb, uniq_robin
D:4:      layout_layer_cave, mainiacjoe_overflow_tiny_flanked,
          grunt_ministairs_1, serial_bayou_pond_e, grunt_decor_resistance
D:5:      layout_layer_cave, minmay_temple_entry_slanted, serial_shops,
          nicolae_shop_waterfront, hex_medium, hangedman_decor_points,
          serial_bayou_pond_d
D:6:      layout_cave_pods, general_overflow_altar
D:7:      layout_gridville, mainiacjoe_overflow_six_doors_small, uniq_duvessa
D:8:      layout_gridville, nicolae_uskayaw_dance_studio,
          nicolae_ossuary_entry_ruins
D:9:      layout_loops_cross, old_standard_altar, vehumet_crystals,
          lemuel_tele_altar, worms_lemuel, uniq_psyche
Temple:   nicolae_temple_god_jail
Lair:1:   layout_cave_pods, infiniplex_staircase_pool, grunt_megastairs_5
Lair:2:   layout_chaotic_city, hellmonk_spider_entry_life_and_decay,
          gauntlet_entry_generic, serial_bayou_lagoon_b, lemuel_fruit_fields,
          uniq_urug
Gauntlet: gammafunk_gauntlet_mixed_choke_point
          [minmay_gauntlet_arena_77_hold_the_fort, minmay_gauntlet_arena_77_box,
          minmay_gauntlet_arena_77_double_cross, nicolae_gauntlet_arena_t_cross,
          minmay_gauntlet_arena_77_path, minmay_gauntlet_arena_77_fan,
          minmay_gauntlet_arena_77_run_for_it, gauntlet_exit_green]

Skill      XL: |  1  2  3  4  5  6  7  8  9 10 11 |
---------------+----------------------------------+-----
Shields        | 4 5 6 |  6.6
Armour         | 4 5 6 7 8 10 12 | 12.5
Fighting       | 4 5 6 8 9 |  9.4
Axes           | 3 4 5 7 8 |  8.7
Dodging        | 1 2 3 |  3.3
Evocations     | 1 2 3 4 5 6 |  6.3
Throwing       | 1 |  1.5
Long Blades    | 1 5 7 |  7.0

Action                   |  1- 3 |  4- 6 |  7- 9 | 10-12 || total
-------------------------+-------+-------+-------+-------++-------
Melee: War axe           |    89 |   138 |   279 |       ||   506
       Headbutt          |     8 |    11 |    62 |    49 ||   130
       Falchion          |       |       |    65 |   176 ||   241
Throw: Boomerang         |     3 |       |       |       ||     3
       Dart              |       |     5 |     5 |     4 ||    14
Invok: Call Merchant     |       |       |       |     1 ||     1
  Use: Potion            |       |     2 |     3 |     3 ||     8
       Scroll            |       |     5 |    15 |     3 ||    23
 Stab: Distracted        |       |       |     1 |     1 ||     2
Armor: Scale mail        |    52 |    85 |    30 |       ||   167
       Skin              |       |     2 |       |       ||     2
       Chain mail        |       |       |   125 |       ||   125
       Plate armour      |       |       |    32 |    87 ||   119
Dodge: Dodged            |    68 |    85 |   152 |    81 ||   386
Block: Buckler           |    24 |    38 |    84 |    46 ||   192
